 Dungeon Crawl Stone Soup version 0.18-a0-750-g37044d6 (webtiles) character file.

185 Duffy the Chopper (level 5, -2/45 HPs)
             Began as a Deep Dwarf Gladiator on Dec 12, 2015.
             Splashed by a jelly's acid (8 damage)
             ... on level 3 of the Dungeon.
             The game lasted 00:05:15 (1905 turns).

Duffy the Chopper (Deep Dwarf Gladiator)            Turns: 1905, Time: 00:05:15

Health: -2/45      AC: -7    Str: 18    XL:     5   Next: 37%
Magic:  5/5        EV:  8    Int:  9    God:
Gold:   186        SH:  0    Dex: 14    Spells: 0 memorised, 4 levels left

rFire  . . .     SeeInvis +     a - +0 war axe
rCold  . . .     Clarity  .     x - +0 chain mail
rNeg   . . .     SustAt   .     (no shield)
rPois  .         Gourm    .     u - +0 helmet
rElec  .         Spirit   .     (no cloak)
rCorr  .         Dismiss  .     i - +1 pair of gloves
rMut   .         Stasis   .     (no boots)
MR     .....                    (no amulet)
Stlth  ..........               (no ring)
                                q - ring of see invisible

@: corroded equipment, non-regenerating, not resistant to hostile enchantments,
extremely unstealthy
A: damage resistance, recharge devices, sense surroundings 1, slow regeneration
3
a: Device Recharging


You were on level 3 of the Dungeon.
You were not hungry.

You visited 1 branch of the dungeon, and saw 3 of its levels.

You collected 186 gold pieces.


Innate Abilities, Weirdness & Mutations

You are resistant to damage.
You can recharge devices by infusing magical energy.
You passively map a small area around you.
You do not regenerate naturally.


   Skills:
 - Level 2.0 Fighting
 + Level 5.3 Axes
 - Level 2.0 Throwing
 + Level 3.4 Armour
 - Level 3.2 Dodging


You had 4 spell levels left.
You didn't know any spells.

Inventory:

Hand Weapons
 a - a +0 war axe (weapon)
Missiles
 d - 3 throwing nets (quivered)
Armour
 i - a +1 pair of gloves (worn)
 u - a +0 helmet (worn)
 w - a +0 plate armour
 x - a +0 chain mail (worn)
Jewellery
 q - a ring of see invisible (left hand)
Wands
 e - a wand of heal wounds (4)
 v - a wand of digging (10)
Scrolls
 k - a scroll of teleportation
 o - a scroll of amnesia {unknown}
 p - a scroll of remove curse {unknown}
 r - a scroll of enchant armour {unknown}
 y - a scroll of recharging {unknown}
Potions
 b - a potion of brilliance
 c - a potion of degeneration {unknown}
 g - a potion of cancellation {unknown}
 h - a potion of resistance {unknown}
 j - a potion of flight {unknown}
 l - 2 potions of haste
 n - a potion of heal wounds {unknown}
 t - 3 potions of curing
Comestibles
 f - a bread ration
 m - 10 fruits
 s - a beef jerky
 z - 2 chunks of flesh

Dungeon Overview and Level Annotations

Branches:
Dungeon (3/15)

Altars:


Message History

You swing at nothing.
You swing at nothing.
You swing at nothing.
You barely miss the jelly. The jelly barely misses you.
The jelly jiggles.
The jelly barely misses you.
You slash the jelly! The acid corrodes you!
Your hands burn!
The jelly is moderately wounded.
The jelly hits you but does no damage.
You slash the jelly!
Your hands burn!
The jelly is heavily wounded.
The jelly barely misses you.
You hit the jelly. The acid corrodes you!
Your hands burn!
The jelly is heavily wounded.
The jelly hits you but does no damage.
You hit the jelly.
Your hands burn!
The jelly is severely wounded.
The jelly hits you but does no damage. The jelly barely misses you.
Your chain mail prevents you from hitting the jelly.
The jelly is severely wounded.
The jelly hits you.
You are splashed with acid!
The acid corrodes you!
The acid burns!
You slash the jelly!
Your hands burn!
The jelly is severely wounded.
The jelly hits you.
You are splashed with acid!
The acid corrodes you!
The acid burns!
The killer bee buzzes angrily.
You hit the jelly.
Your hands burn!
The jelly is almost dead.
The jelly hits you.
You are splashed with acid!
The acid burns!
You hit the jelly but do no damage.
Your hands burn!
The jelly is almost dead.
The jelly hits you.
You are splashed with acid!
The acid corrodes you!
The acid burns!
You die...

....* , .#######.####### .... ,*
* *,,. ..##...#[..... J.y# *
.###.##.###...... ...# ,
...##.##.# #...... .yy####.* *
##..# #.##.###...... #<...#..
###...# ##.............
,####..##.#...g.###[....###......
#.##.#..####...##..# #......
.###*#.##....y.J@.####..# #......
..)..#.###.....#### ##.....#....
.....#.##..#..### #....##....
..........#.....# #.#........
#<....[###.## ###..#........ ,,
#..<#### #..# #............. *
#....### ##.###.##......####
#.#.y..####.........####*
*#...##..............#


You could see a jelly and a killer bee.

Action                   |  1- 3 |  4- 6 || total
-------------------------+-------+-------++-------
Melee: War axe           |    96 |   139 ||   235
Evoke: Wand              |       |     1 ||     1
  Use: Scroll            |       |     4 ||     4
  Eat: Chunk             |     1 |     3 ||     4

Notes
Turn   | Place    | Note
--------------------------------------------------------------
     0 | D:1      | Duffy the Deep Dwarf Gladiator began the quest for the Orb.
     0 | D:1      | Reached XP level 1. HP: 19/19 MP: 1/1
    75 | D:1      | Reached skill level 2 in Throwing
   240 | D:1      | Reached XP level 2. HP: 23/26 MP: 2/2
   359 | D:1      | Reached skill level 2 in Fighting
   884 | D:2      | Reached skill level 1 in Armour
   954 | D:2      | Reached skill level 4 in Axes
   957 | D:2      | Reached XP level 3. HP: 27/32 MP: 3/3
  1065 | D:2      | Noticed Robin
  1068 | D:2      | Killed Robin
  1068 | D:2      | Reached skill level 2 in Armour
  1075 | D:2      | Reached XP level 4. HP: 24/39 MP: 4/4
  1675 | D:3      | Reached skill level 5 in Axes
  1675 | D:3      | Reached skill level 3 in Armour
  1675 | D:3      | Reached XP level 5. HP: 34/45 MP: 5/5
  1835 | D:3      | Noticed Ijyb
  1862 | D:3      | Killed Ijyb
  1905 | D:3      | Splashed by a jelly's acid

Vault maps used:
D:1:      ncdulo_watergridlock
D:2:      uniq_robin
D:3:      kennysheep_potato, uniq_natasha, uniq_iyjb

Vanquished Creatures
  A killer bee Ijyb Robin
  3 adders
  A worm
  2 giant geckos
  3 bats
  3 giant cockroaches
  12 hobgoblins
  3 jackals
  4 kobolds
  A quokka
  2 ball pythons
  4 giant newts
  14 goblins
  13 rats
68 creatures vanquished.
